 Dungeon Crawl Stone Soup version 0.29.1-12-g30fa7ad0bf (webtiles) character file.

Game seed: 2948824426268841854

464 FexLirch the Shield-Bearer (level 7, -1/56 HPs)
             Began as a Formicid Fighter on Jan 11, 2023.
             Was a Follower of the Shining One.
             Splashed by a jelly's acid (6 damage)
             ... on level 4 of the Dungeon.
             The game lasted 00:02:57 (3449 turns).

FexLirch the Shield-Bearer (Formicid Fighter)       Turns: 3449, Time: 00:02:57

Health: -1/56      AC:  4    Str: 23    XL:     7   Next: 29%
Magic:  7/7        EV:  9    Int:  7    God:    the Shining One [*.....]
Gold:   157        SH:  5    Dex: 13    Spells: 6/6 levels left

rFire   . . .      SeeInvis +   a - +0 war axe
rCold   . . .      Faith    .   c - +0 buckler
rNeg    + . .      Spirit   .   b - +0 scale mail
rPois   .          Reflect  .   (helmet unavailable)
rElec   .          Harm     .   k - +0 cloak
rCorr   .          Rampage  .   (no gloves)
Will    .....                   (no boots)
Stlth   ..........              (no amulet)
HPRegen 0.18/turn               n - ring of positive energy
MPRegen 0.10/turn               (no ring)

@: mighty, corroded, glowing
A: permanent stasis, dig shafts and tunnels, antennae 3, four strong arms
a: Dig, Shaft Self, Renounce Religion, Divine Shield


You were on level 4 of the Dungeon.
You worshipped the Shining One.
The Shining One was aware of your devotion.
You visited 1 branch of the dungeon, and saw 4 of its levels.

You collected 157 gold pieces.

Inventory:

Hand Weapons
 a - a +0 war axe (weapon)
Missiles
 r - 3 throwing nets
Armour
 b - a +0 scale mail (worn)
 c - a +0 buckler (worn)
 k - a +0 cloak (worn)
Jewellery
 n - a ring of positive energy (left hand)
Scrolls
 e - 2 scrolls of identify {unknown}
 f - 2 scrolls of enchant weapon {unknown}
 h - 2 scrolls of vulnerability {unknown}
 j - a scroll of fear {unknown}
 m - a scroll of magic mapping {unknown}
 p - 2 scrolls of teleportation {unknown}
 q - a scroll of enchant armour {unknown}
 s - 2 scrolls of amnesia {unknown}
Potions
 d - a potion of might
 g - a potion of invisibility {unknown}
 i - 2 potions of magic {unknown}
 l - a potion of ambrosia {unknown}
 o - a potion of attraction {unknown}


   Skills:
 + Level 5.0 Fighting
 * Level 5.4 Axes
 - Level 3.2 Armour
 + Level 6.1 Shields


You had 6 spell levels left.
You didn't know any spells.
Your spell library was empty.

Dungeon Overview and Level Annotations

Branches:
Dungeon (4/15)
 Temple: D:4-7

Altars:
Hepliaklqana
Kikubaaqudgha
The Shining One

Shops:
D:1 [


Innate Abilities, Weirdness & Mutations

You cannot be hasted, slowed, berserked, paralysed or teleported.
You can dig through walls and to a lower floor.
You have a pair of large antennae on your head. (SInv)
Your four strong arms can wield two-handed weapons with a shield.


Message History

The gnoll hits you from afar with a +0 spear.
There are monsters nearby!
You block the gnoll's attack.
You barely miss the gnoll. You hit the gnoll.
The gnoll hits you with a +0 spear. The gnoll hits you but does no damage.
You hit the gnoll.
The gnoll is moderately wounded.
You hit the gnoll. x2; The gnoll hits you with a +0 spear!
The gnoll hits you with a +0 flail. The gnoll hits you but does no damage.
You hit the gnoll.
The gnoll is heavily wounded.
You hit the gnoll. You hit the ball python.
You kill the ball python!
You hit the gnoll. x2; You block the gnoll's attack.
The gnoll hits you with a +0 spear. The gnoll hits you with a +0 flail.
The gnoll barely misses you.
You are too injured to fight recklessly!
You hit the gnoll.
You kill the gnoll!
You hit the gnoll.
You kill the gnoll!
You hit the gnoll but do no damage. You barely miss the gnoll.
The gnoll hits you with a +0 flail! The gnoll hits you with a +0 flail.
The jelly hits you but does no damage. The gnoll hits you with a +0 flail.
You block the gnoll's attack.
You slash the jelly!
Your hands burn!
* * * LOW HITPOINT WARNING * * *
The jelly is almost dead.
You barely miss the gnoll. You hit the gnoll.
The gnoll hits you but does no damage. The jelly hits you but does no damage.
The gnoll hits you but does no damage.
You feel very mighty all of a sudden. The gnoll hits you with a +0 flail.
* * * LOW HITPOINT WARNING * * *
The gnoll hits you with a +0 flail.
* * * LOW HITPOINT WARNING * * *
The jelly hits you.
* * * LOW HITPOINT WARNING * * *
The acid corrodes you!
You are splashed with acid.
You die...

#.......... ###.#######
########## #.#...#..
.........# #.#.#.#.#
.........# #<#.#.#.#
.........# ###.....#
.........# #########.#..
......gJg###...........#
......)@$#..............
......†..#.#.#####......
.........'.#.# #......
.........###.# #.#....
.........# #.#####.#....
...>.....# #.#.....#....
.........###+#.###.#....
###..?.........#<..#....
#..^................#.


You could see a jelly and 2 gnolls.

Vanquished Creatures
  Sigmund (D:2)
  A scorpion (D:4)
  Natasha (thrice) (D:2)
  6 gnolls
  7 adders
  A worm (D:3)
  2 endoplasms (D:2)
  8 goblins
  4 hobgoblins
  3 quokkas (D:1)
  9 ball pythons
  A bat (D:2)
  5 frilled lizards
  7 kobolds
  5 rats
63 creatures vanquished.

Notes
Turn   | Place    | Note
-------+----------+-------------------------------------------
     0 | D:1      | FexLirch the Formicid Fighter began the quest for the Orb.
     0 | D:1      | Reached XP level 1. HP: 18/18 MP: 1/1
   164 | D:1      | Reached XP level 2. HP: 24/24 MP: 2/2
   509 | D:1      | Found Cotz's Armour Emporium.
   654 | D:1      | Found a faded altar of an unknown god.
  1066 | D:1      | Prayed at the altar of an unknown god.
  1066 | D:1      | Became a worshipper of the Shining One
  1066 | D:1      | Reached * piety under the Shining One
  1127 | D:2      | Noticed Sigmund
  1140 | D:2      | Killed Sigmund
  1141 | D:2      | Reached skill level 5 in Shields
  1141 | D:2      | Reached XP level 3. HP: 15/31 MP: 3/3
  1141 | D:2      | Reached XP level 4. HP: 19/38 MP: 4/4
  1141 | D:2      | Reached XP level 5. HP: 21/43 MP: 5/5
  1340 | D:2      | Reached XP level 6. HP: 49/49 MP: 6/6
  1476 | D:2      | Noticed Natasha
  1486 | D:2      | Killed Natasha
  1747 | D:2      | Noticed Natasha
  1761 | D:2      | Killed Natasha
  1924 | D:2      | Noticed Natasha
  1928 | D:2      | Killed Natasha
  2419 | D:3      | Found an ancient bone altar of Kikubaaqudgha.
  2666 | D:3      | Reached skill level 5 in Axes
  2939 | D:3      | Reached XP level 7. HP: 36/55 MP: 7/7
  3355 | D:4      | Found a hazy altar of Hepliaklqana.
  3366 | D:4      | Reached skill level 5 in Fighting
  3366 | D:4      | Reached skill level 6 in Shields
  3449 | D:4      | Splashed by a jelly's acid

Illustrated notes

Levels and vault maps discovered:
D:1:      dpeg_arrival_connections, layout_basic, ebering_ecumenical_altar_rust,
          serial_shops, nicolae_lakefront_shop
D:2:      layout_rooms, uniq_natasha, uniq_sigmund
D:3:      layout_loops_ring, mainiacjoe_overflow_cross_hatched,
          columned_hall_lemuel, minmay_snake_closets
D:4:      layout_basic, kennysheep_mini_moat, kennysheep_little_box,
          uniq_blork_the_orc

Skill      XL: |  1  2  3  4  5  6  7 |
---------------+----------------------+-----
Fighting       | 4 5 |  5.0
Axes           | 4 5 |  5.4
Shields        | 5 6 |  6.1
Armour         | |  3.2

Action                   |  1- 3 |  4- 6 |  7- 9 || total
-------------------------+-------+-------+-------++-------
Melee: War axe           |    40 |    95 |    14 ||   149
  Use: Potion            |       |       |     1 ||     1
Armor: Scale mail        |    15 |    30 |     9 ||    54
Dodge: Dodged            |    21 |    30 |     5 ||    56
Block: Buckler           |     8 |    24 |     5 ||    37
